Map: Oxide LE

Players

Seither - Winner!

  • Race: Terran Terran

Demi

  • Race: Zerg Zerg

Event: DreamHack SC2 Masters 2021 Winter

VOD

Have the link to the VOD?

Description

Time

  • Played on: Sept. 29, 2021, 5:55 a.m.
  • Length: 10:04

All games in this series

Show
View Real Time Build Order
Export as new Build Order

Seither Terran - Winner!

Build Orders: Reaper Expand, Hellion Banshee 

Get SALT Encoding   

  12  0:00  SCV  
  13  0:12  SCV  
  14  0:17  Supply Depot  
  14  0:24  SCV  
  15  0:38  SCV  
  15  0:40  Barracks  
  16  0:45  Refinery  
  16  0:50  SCV  
  17  1:03  SCV  
  18  1:15  SCV  
  19  1:27  Reaper  
  19  1:28  Orbital Command  
  20  1:39  Command Center  
  20  1:49  Supply Depot  
  20  1:54  SCV  
  21  1:59  Marine  
  22  2:06  SCV  
  23  2:09  Factory  
  23  2:14  Refinery  
  23  2:18  SCV  
  24  2:23  Barracks Reactor  
  24  2:30  SCV  
  25  2:42  SCV  
  26  2:51  Orbital Command  
  26  2:54  Starport, SCV  
  27  3:04  Hellion x2  
  31  3:06  SCV  
  31  3:08  Barracks Tech Lab  
  32  3:18  Supply Depot, SCV  
  32  3:19  SCV  
  34  3:29  Hellion x2  
  34  3:30  SCV  
  39  3:34  SCV  
  39  3:38  Cloaking Field, Banshee  
  39  3:40  Marine  
  44  3:43  SCV  
  44  3:45  Supply Depot  
  44  3:46  SCV  
  46  3:53  Hellion x2  
  46  3:55  SCV  
  51  3:58  SCV  
  51  4:00  Barracks Tech Lab  
  52  4:07  SCV  
  53  4:14  Command Center  
  53  4:18  SCV  
  53  4:19  SCV  
  53  4:21  Banshee  
  53  4:23  Supply Depot  
  58  4:25  Stimpack  
  58  4:30  SCV  
  58  4:31  SCV  
  60  4:35  Marine  
  61  4:43  SCV  
  61  4:45  SCV  
  63  4:55  SCV  
  63  4:57  SCV  
  63  4:59  Factory Reactor  
  65  5:04  Barracks  
  61  5:07  SCV, Barracks  
  61  5:09  SCV  
  61  5:13  Marine  
  56  5:17  Refinery x2  
  56  5:18  Engineering Bay, Starport Reactor  
  56  5:19  SCV  
  56  5:20  Engineering Bay  
  56  5:21  SCV  
  57  5:28  Orbital Command  
  57  5:30  Marine  
  57  5:31  SCV  
  57  5:32  Orbital Command  
  57  5:33  SCV  
  60  5:43  SCV  
  60  5:45  SCV  
  60  5:48  Marine  
  63  5:50  Siege Tank  
  63  5:51  Barracks  
  63  5:52  Barracks  
  63  5:53  Terran Infantry Weapons Level 1  
  63  5:54  Terran Infantry Armor Level 1  
  63  5:55  SCV  
  64  5:57  SCV  
  64  6:01  Marine x2  
  67  6:06  Marine  
  67  6:07  Supply Depot, Marine x2  
  67  6:09  SCV x2  
  67  6:11  Supply Depot  
  72  6:12  Medivac x2  
  72  6:14  Combat Shield  
  76  6:19  Marine x2  
  76  6:23  Orbital Command  
  76  6:24  Marine  
  79  6:28  SCV x2  
  79  6:29  Marine x2  
  80  6:34  Siege Tank  
  80  6:37  Marine x2  
  80  6:39  Barracks Reactor  
  85  6:40  Barracks Reactor, Barracks  
  85  6:41  Barracks  
  85  6:42  Marine  
  85  6:43  Barracks  
  86  6:47  Marine x2  
  86  6:50  SCV x3  
  86  6:52  Supply Depot x2  
  86  6:53  Medivac  
  93  6:54  Marine  
  93  6:55  Marine  
  93  6:58  Medivac  
  93  6:59  Marine  
  93  7:00  Armory  
  98  7:02  SCV x2  
  98  7:06  Marine  
  101  7:13  Marine x2  
  101  7:14  Marine  
  104  7:16  Supply Depot  
  104  7:17  Supply Depot, Siege Tank, Marine  
  104  7:19  Marine x2  
  104  7:20  Marine  
  111  7:23  Marine  
  111  7:25  Marine  
  111  7:28  Supply Depot  
  113  7:31  Marine x2  
  115  7:39  Marine  
  115  7:40  Marine x6  
  115  7:41  Marine  
  123  7:46  Marine x2  
  123  7:49  Siege Tank, Marine  
  123  7:50  Supply Depot  
  123  7:51  Supply Depot  
  129  7:55  Marine  
  129  7:57  SCV, Marine x2  
  129  7:58  SCV, Refinery  
  134  8:00  Marine x4  
  138  8:06  Supply Depot, Marine x3  
  141  8:19  Marine x6  
  146  8:20  Marine x3  
  146  8:21  Medivac x2  
  146  8:23  Supply Depot  
  154  8:27  Supply Depot  
  154  8:37  Marine x4  
  154  8:38  Marine x2  
  160  8:49  Marauder  
  160  8:50  Siege Tank, Marine x5  
  160  8:51  Medivac x2  
  160  8:52  Supply Depot  
  160  8:53  Supply Depot  
  160  8:55  Marine x2  
  175  8:59  Marine x3  
  175  9:02  Supply Depot  
  179  9:17  Marine  
  179  9:18  Marine x2  
  179  9:21  Medivac x2  
  186  9:24  Marine x3  
  186  9:26  Marine x3  
  192  9:42  Marine x4  
  192  9:43  Marine x2  
  192  9:44  Marine x4  
Show
View Real Time Build Order
Export as new Build Order

Demi Zerg 

Build Orders: Hatch First 

Get SALT Encoding   

  12  0:00  Drone  
  13  0:12  Overlord  
  13  0:17  Drone  
  14  0:31  Drone x2  
  16  0:47  Hatchery  
  15  0:50  Drone  
  15  0:53  Drone  
  17  0:57  Drone  
  18  1:07  Extractor  
  17  1:13  Spawning Pool  
  17  1:15  Drone  
  17  1:18  Drone  
  18  1:28  Drone  
  19  1:39  Drone  
  20  1:49  Drone  
  21  1:59  Queen x2  
  21  2:00  Zergling x2  
  21  2:01  Zergling x2  
  27  2:11  Overlord  
  27  2:14  Drone  
  28  2:20  Hatchery  
  27  2:23  Drone  
  28  2:33  Drone  
  28  2:36  Queen  
  30  2:39  Drone x2  
  32  2:45  Overlord  
  32  2:47  Metabolic Boost  
  32  2:51  Drone  
  33  2:55  Drone x2  
  35  3:04  Queen  
  37  3:08  Drone x2  
  39  3:13  Drone  
  39  3:14  Drone  
  39  3:16  Overlord  
  41  3:24  Drone  
  41  3:25  Drone  
  43  3:32  Queen x2  
  43  3:33  Overlord  
  47  3:36  Drone  
  48  3:41  Drone  
  48  3:42  Drone  
  48  3:44  Drone x3  
  48  3:47  Zergling x4  
  55  3:51  Overlord  
  55  3:53  Drone x2  
  57  4:03  Baneling Nest  
  57  4:08  Drone x2  
  58  4:10  Overlord  
  58  4:11  Drone x3  
  58  4:15  Drone x2  
  58  4:16  Drone x2, Extractor  
  64  4:17  Overlord  
  64  4:22  Extractor  
  64  4:23  Queen  
  65  4:28  Overlord  
  65  4:30  Zergling x4  
  68  4:33  Lair  
  68  4:36  Spore Crawler  
  68  4:37  Spore Crawler  
  66  4:39  Spore Crawler  
  66  4:40  Zergling x4  
  67  4:46  Zergling x8  
  69  4:57  Zergling x4  
  69  4:58  Drone  
  69  4:59  Drone x4  
  73  5:01  Drone  
  70  5:10  Drone x3  
  71  5:16  Drone  
  71  5:17  Drone  
  71  5:20  Extractor  
  71  5:21  Drone, Extractor  
  73  5:27  Drone  
  72  5:33  Drone x2, Overseer  
  75  5:35  Drone x2  
  75  5:36  Drone  
  75  5:40  Drone  
  75  5:41  Centrifugal Hooks  
  77  5:43  Spore Crawler  
  77  5:45  Drone x5  
  81  5:53  Drone x4  
  85  6:06  Hatchery  
  85  6:09  Evolution Chamber x2  
  85  6:10  Drone x3  
  85  6:15  Drone x4  
  85  6:16  Overlord x2  
  88  6:23  Drone  
  88  6:24  Drone x2  
  90  6:34  Overlord x2  
  90  6:35  Drone x2  
  90  6:36  Drone x3  
  90  6:37  Zerg Ground Armor Level 1, Zerg Melee Weapons Level 1  
  95  6:41  Zergling x2  
  95  6:42  Zergling x2  
  95  6:45  Overlord x2  
  95  6:46  Overlord  
  96  6:53  Baneling x2  
  96  6:56  Zergling x2  
  96  6:57  Pneumatized Carapace, Zergling x8  
  101  7:02  Zergling x6  
  104  7:11  Zergling x10  
  107  7:17  Drone x3  
  107  7:18  Drone  
  107  7:20  Hatchery  
  107  7:21  Queen  
  112  7:22  Spore Crawler  
  112  7:24  Baneling  
  112  7:25  Baneling x2  
  112  7:28  Baneling  
  112  7:29  Baneling  
  108  7:38  Zergling x4  
  108  7:39  Zergling x16  
  115  7:47  Infestation Pit  
  115  7:48  Baneling x3  
  115  7:49  Baneling  
  113  7:58  Zergling x2  
  113  7:59  Zergling x22  
  113  8:03  Queen  
  113  8:04  Baneling x3  
  113  8:05  Baneling  
  127  8:08  Overlord x2  
  127  8:18  Zergling x18  
  134  8:26  Hive  
  134  8:27  Drone x3  
  134  8:32  Queen  
  139  8:40  Drone x2  
  139  8:41  Drone x4  
  144  8:44  Zergling x2  
  144  8:45  Zergling x24  
  158  8:48  Baneling  
  158  8:49  Baneling x4, Queen  
  158  8:52  Overlord x2  
  160  9:02  Overlord x2  
  160  9:03  Overlord  
  160  9:11  Zergling x2  
  160  9:12  Zergling x12  
  167  9:19  Baneling x6  
  167  9:20  Baneling x3  
  162  9:24  Zergling x2  
  162  9:25  Zergling x22  
  162  9:31  Hatchery  
  165  9:33  Zergling x8  
  165  9:34  Zergling x2  
  124  9:47  Zergling x2  

Tags
 
Add a new tag
Caveats
  • Supply blocks, unpowered buildings, or Contaminate may cause inaccurate times.
  • Supply counts are checked every 10 seconds.